 Dungeon Crawl Stone Soup version 0.24-a0-292-g5c6fb1c (webtiles) character file.

Game seed: 1964946184110400146

46 galech the Skirmisher (level 3, -4/29 HPs)
             Began as a Demonspawn Fighter on May 10, 2019.
             Killed from afar by an orc wizard (8 damage)
             ... with a magic dart
             ... on level 2 of the Dungeon.
             The game lasted 00:01:09 (1247 turns).

galech the Skirmisher (Demonspawn Fighter)          Turns: 1247, Time: 00:01:10

Health: -4/29      AC:  6    Str: 16    XL:     3   Next: 44%
Magic:  3/3        EV:  7    Int:  9    God:
Gold:   94         SH:  9    Dex: 13    Spells: 2/2 levels left

rFire    . . .     SeeInvis .   a - +0 war axe
rCold    . . .     Gourm    .   c - +0 shield
rNeg     . . .     Faith    .   b - +0 scale mail
rPois    .         Spirit   .   (no helmet)
rElec    .         Reflect  .   (no cloak)
rCorr    .         Harm     .   (no gloves)
MR       .....                  (no boots)
Stlth    ..........             (no amulet)
HPRegen  0.09/turn              (no ring)
MPRegen  0.08/turn              (no ring)

@: no status effects
A: hooves 1
a: no special abilities


You were on level 2 of the Dungeon.
You were not hungry.

You visited 1 branch of the dungeon, and saw 2 of its levels.

You collected 94 gold pieces.

Inventory:

Hand Weapons
 a - a +0 war axe (weapon)
Armour
 b - a +0 scale mail (worn)
 c - a +0 shield (worn)
Scrolls
 g - a scroll of magic mapping {unknown}
 h - a scroll of enchant armour {unknown}
 i - 2 scrolls of identify {unknown}
 j - a scroll of fog {unknown}
Potions
 d - a potion of might
 e - 2 potions of curing {unknown}
 l - a potion of agility {unknown}
Comestibles
 f - 3 rations
 k - a chunk of flesh


   Skills:
 + Level 3.2 Fighting
 + Level 2.5 Axes
 + Level 3.1 Armour
 + Level 0.2 Dodging
 + Level 3.0 Shields


You had 2 spell levels left.
You didn't know any spells.
Your spell library was empty.

Dungeon Overview and Level Annotations

Branches:
Dungeon (2/15)

Altars:
Jiyva


Innate Abilities, Weirdness & Mutations

You have large cloven feet.


Message History

You are too injured to fight recklessly!
You completely miss the orc wizard. Your kick misses the orc wizard.
The orc wizard is severely wounded.
You block the orc wizard's attack. x2
Your shield and scale mail prevent you from hitting the orc wizard.
The orc wizard is severely wounded.
The orc wizard hits you with a +0 dagger. x2
You closely miss the orc wizard.
The orc wizard is severely wounded.
The orc wizard hits you with a +0 dagger.
* * * LOW HITPOINT WARNING * * *
The orc wizard hits you with a +0 dagger.
* * * LOW HITPOINT WARNING * * *
You hit the orc wizard but do no damage.
The orc wizard is severely wounded.
The orc wizard hits you with a +0 dagger.
* * * LOW HITPOINT WARNING * * *
The orc wizard points at you and mumbles some strange words.
The magic dart hits you!
You die...

###......# #......##
#. .# #..†....#
#.###.#### #.....#.#
#........#
#.....#.###<.......#
#######..##........#
##.##........###
#.##....o......
#..#...@)......
##.#.###)##....
#...# .# . ##..# .#
#..# .# ##.# .# #..
.# #... .# ##..#


You could see an orc wizard.

Vanquished Creatures
  2 oozes
  A dart slug (D:1)
  2 leopard geckos (D:1)
  2 orcs (D:2)
  2 giant cockroaches (D:1)
  4 goblins (D:1)
  5 hobgoblins
  A ball python (D:1)
  3 frilled lizards
  4 kobolds
  5 rats
31 creatures vanquished.

Notes
Turn   | Place    | Note
-------+----------+-------------------------------------------
     0 | D:1      | galech the Demonspawn Fighter began the quest for the Orb.
     0 | D:1      | Reached XP level 1. HP: 18/18 MP: 1/1
   298 | D:1      | Gained mutation: You have large cloven feet. [demonic
                  | ancestry]
   298 | D:1      | Reached XP level 2. HP: 24/24 MP: 2/2
   565 | D:1      | Reached XP level 3. HP: 29/29 MP: 3/3
   835 | D:1      | Found a viscous altar of Jiyva.
  1247 | D:2      | Killed from afar by an orc wizard

Levels and vault maps discovered:
D:1:      erik_arrival_cave_to_civilisation [erik_arrival_cave_to_temple],
          layout_basic, serial_forest, infiniplex_forest_straight_3,
          infiniplex_forest_lined_3, infiniplex_forest_fountain,
          infiniplex_forest_lined_3, infiniplex_forest_clump_double,
          infiniplex_forest_clump_large, infiniplex_forest_3_way,
          infiniplex_forest_straight_1, infiniplex_forest_straight_3
D:2:      layout_basic, ashenzari_altar_1

Skill      XL: |  1  2 |
---------------+-------+-----
Shields        | 3 |  3.0
Axes           | 2 |  2.5
Armour         | 3 |  3.1
Fighting       | |  3.2
Dodging        | |  0.2

Action                   || total
-------------------------++-------
Melee: War axe           ||    73
       Kick              ||    10
  Eat: Chunk             ||     1
Armor: Scale mail        ||    24
Dodge: Dodged            ||    13
Block: Shield            ||    26

Table legend:
 A = Non-vault XP
 B = Vault XP
 C = Vault XP percentage of total XP
 D = Non-vault monster count
 E = Vault monster count
 F = Vault count percentage of total count
                 A         B        C        D         E       F
            +---------+---------+-------+---------+---------+-------
      Total |      63 |       3 |   4.5 |      29 |       2 |   6.5
            +---------+---------+-------+---------+---------+-------
        D:1 |      43 |       3 |   6.5 |      21 |       2 |   8.7
        D:2 |      20 |       0 |   0.0 |       8 |       0 |   0.0
            +---------+---------+-------+---------+---------+-------
